 Dungeon Crawl Stone Soup version 0.27.1-1-g398f81649c (webtiles) character file.

Game seed: 3715175502520508613

26298 Cykl0x the Carver (level 12, -13/106 HPs)
             Began as a Minotaur Fighter on Sept 12, 2021.
             Was a High Priest of the Shining One.
             Mangled by a boulder beetle (15 damage)
             ... on level 13 of the Dungeon.
             The game lasted 00:20:38 (11713 turns).

Cykl0x the Carver (Minotaur Fighter)               Turns: 11713, Time: 00:20:38

Health: -13/106    AC: 23    Str: 26    XL:     12   Next: 97%
Magic:  18/18      EV:  8    Int:  9    God:    the Shining One [*****.]
Gold:   947        SH: 14    Dex: 12    Spells: 11/11 levels left

rFire    + . .     SeeInvis +   s - +0 scimitar (flame)
rCold    . . .     Faith    .   c - +1 kite shield
rNeg     + + .     Spirit   .   P - +7 plate armour of Kleptomania {Stlth+}
rPois    +         Reflect  .   (helmet restricted)
rElec    .         Harm     .   f - +0 cloak "Janoryi" {Int+9 Dex+2}
rCorr    .         Rampage  .   (no gloves)
Will     .....                  (no boots)
Stlth    ..........             C - amulet of regeneration
HPRegen  1.27/turn              F - ring "Horuecs" {Fly rPois rF+ Int-5 SInv}
MPRegen  0.16/turn              K - +4 ring of slaying

@: flying, glowing
A: horns 2, retaliatory headbutt
a: Renounce Religion, Divine Shield, Cleansing Flame, Summon Divine Warrior


You were on level 13 of the Dungeon.
You worshipped the Shining One.
The Shining One was extremely pleased with you.
You visited 2 branches of the dungeon, and saw 14 of its levels.
You visited the Abyss 1 time.

You collected 947 gold pieces.

Inventory:

Hand Weapons
 a - a +1 long sword of freezing
 s - a +0 scimitar of flaming (weapon)
Missiles
 j - 319 stones
 l - 17 poisoned darts
 v - 3 curare-tipped darts (quivered)
 B - 3 boomerangs
 J - 5 javelins
Armour
 b - a +0 scale mail
 c - a +1 kite shield (worn)
 e - a +0 cloak
 f - the +0 cloak "Janoryi" (worn) {Int+9 Dex+2}
   (You acquired it on level 4 of the Dungeon)

   Int:       It affects your intelligence (+9).
   Dex:       It affects your dexterity (+2).
 P - the +7 plate armour of Kleptomania (worn) {Stlth+}
   (You found it on level 11 of the Dungeon)

   Stlth:     It makes you more stealthy.
Jewellery
 n - the ring "Ciluk" {rN+ Will+ Dex+3}
   (You found it on level 5 of the Dungeon)

   [ring of positive energy]

   Dex:       It affects your dexterity (+3).
   rN:        It protects you from negative energy.
   Will:      It increases your willpower.
 o - an amulet of guardian spirit
 q - a +4 ring of evasion
 r - a +6 ring of intelligence
 C - an amulet of regeneration (around neck)
 F - the ring "Horuecs" (left hand) {Fly rPois rF+ Int-5 SInv}
   (You found it on level 7 of the Dungeon)

   [ring of flight]

   Int:       It affects your intelligence (-5).
   rF:        It protects you from fire.
   rPois:     It protects you from poison.
   SInv:      It lets you see invisible.
   Fly:       It grants you flight.
 G - a ring of positive energy
 K - a +4 ring of slaying (right hand)
 Q - a ring of protection from cold
 T - a ring of protection from cold
 U - a ring of magical power
Wands
 g - a wand of flame (19)
 p - a wand of digging (1)
 z - a wand of polymorph (3)
 M - a wand of paralysis (7)
 N - a wand of mindburst (16)
Scrolls
 i - 2 scrolls of blinking
 t - 3 scrolls of fear
 w - 2 scrolls of magic mapping
 x - 2 scrolls of amnesia
 y - 2 scrolls of fog
 E - 5 scrolls of teleportation
 I - a scroll of enchant weapon
 S - a scroll of identify
Potions
 d - 7 potions of ambrosia
 h - 3 potions of curing
 k - a potion of cancellation
 m - 3 potions of mutation
 u - 7 potions of lignification
 A - 3 potions of might
 D - a potion of brilliance {unknown}
 H - a potion of flight {unknown}
 L - a potion of magic {unknown}
 O - a potion of berserk rage {unknown}
 R - a potion of heal wounds


   Skills:
 + Level 9.7 Fighting
 + Level 13.6 Long Blades
 + Level 6.0 Throwing
 + Level 10.3 Armour
 + Level 5.0 Dodging
 + Level 11.4 Shields
 * Level 9.4 Invocations
 + Level 1.6 Evocations


You had 11 spell levels left.
You didn't know any spells.
Your spell library contained the following spells:

 Spells                   Type           Power      Damage    Failure   Level
 Freeze                   Ice            0%         1d3       99%         1
 Sandblast                Erth           0%         2d4       99%         1
 Sting                    Tmut/Pois      0%         1d3       99%         1
 Summon Small Mammal      Summ           0%         N/A       99%         1
 Blink                    Tloc           N/A        N/A       100%        2
 Corpse Rot               Necr/Air       N/A        N/A       100%        2
 Passwall                 Tmut/Erth      0%         N/A       100%        2
 Poisonous Vapours        Pois/Air       0%         N/A       100%        2
 Call Canine Familiar     Summ           0%         N/A       100%        3
 Confusing Touch          Hex            0%         N/A       100%        3
 Dazzling Flash           Conj/Hex       0%         N/A       100%        3
 Gell's Gravitas          Tloc           0%         N/A       100%        3
 Lesser Beckoning         Tloc           0%         N/A       100%        3
 Portal Projectile        Hex/Tloc       0%         N/A       100%        3
 Summon Guardian Golem    Hex/Summ       0%         N/A       100%        3
 Swiftness                Air            0%         N/A       100%        3
 Teleport Other           Tloc           0%         N/A       100%        3
 Ice Form                 Ice/Tmut       0%         N/A       100%        4
 Leda's Liquefaction      Hex/Erth       0%         N/A       100%        4
 Fireball                 Conj/Fire      0%         3d3       100%        5
 Freezing Cloud           Conj/Ice/Air   0%         6-21      100%        5
 Iskenderun's Battlesphe  Conj           0%         2d6       100%        5
 Lee's Rapid Deconstruct  Erth           0%         3d5*      100%        5
 Manifold Assault         Tloc           0%         N/A       100%        5
 Metabolic Englaciation   Hex/Ice        0%         N/A       100%        5
 Conjure Ball Lightning   Conj/Air       0%         3x3d6     100%        6
 Invisibility             Hex            0%         N/A       100%        6
 Simulacrum               Ice/Necr       0%         N/A       100%        6
 Orb of Destruction       Conj           0%         N/A       100%        7
 Storm Form               Tmut/Air       0%         N/A       100%        7
 Discord                  Hex            0%         N/A       100%        8


Dungeon Overview and Level Annotations

Branches:
Dungeon (13/15)            Temple (1/1) D:4             Orc (0/2) D:12
   Lair: D:8-11      Vaults: D:13-14

Altars:
Ashenzari
Cheibriados
Dithmenos
Elyvilon
Gozag
Makhleb
Nemelex Xobeh
Okawaru
Qazlal
Sif Muna
Vehumet
Wu Jian
Xom
Yredelemnul
Zin
The Shining One
Jiyva

Shops:
D:4 [   D:6 [

Portals:
Trove: D:11 (give 8 scrolls of fear)

Annotations:
D:4 exclusion: statue


Innate Abilities, Weirdness & Mutations

You have a pair of horns on your head.
You reflexively headbutt those who attack you in melee.


Message History

Unknown command.
You are too injured to fight recklessly!
Unknown command.
You are too injured to fight recklessly!
Unknown command.
You are too injured to fight recklessly!
Unknown command.
You are too injured to fight recklessly!
You slash the white ugly thing! You burn the white ugly thing.
The white ugly thing is heavily wounded.
You block the vampire mosquito's attack.
The white ugly thing kicks you but does no damage.
You block the vampire mosquito's attack.
You hit the white ugly thing. You burn the white ugly thing.
You headbutt the white ugly thing, but do no damage.
The white ugly thing is heavily wounded.
You block the vampire mosquito's attack.
Unknown command.
You barely miss the white ugly thing.
Your headbutt misses the white ugly thing.
The white ugly thing is heavily wounded.
You block the vampire mosquito's attack.
The white ugly thing kicks you. The white ugly thing freezes you!!
* * * LOW HITPOINT WARNING * * *
You block the vampire mosquito's attack.
You hit the white ugly thing but do no damage.
You headbutt the white ugly thing.
The white ugly thing is severely wounded.
The vampire mosquito bites you.
* * * LOW HITPOINT WARNING * * *
The white ugly thing kicks you but does no damage.
You block the boulder beetle's attack.
The boulder beetle stops rolling and uncurls.
The boulder beetle curls into a ball and begins rolling!
The vampire mosquito bites you but does no damage.
You block the vampire mosquito's attack.
The white ugly thing kicks you. The white ugly thing freezes you!!
* * * LOW HITPOINT WARNING * * *
The boulder beetle hits you!
You die...

###.#......# ##....#####
......#....# #.....#
#######.##.# ###..##.#
#### # #..##.# #...###.#
####... # ###.###.#
##..####.####....## #
#...# #.#
#..##.........#### # #.###
#.################## # #.#
######...........## #
#.###........@B........
######..........yu........
..##...)......#########...
.##..†.....#### .
.........### .........#
.........# .##.....##
####....#


You could see a boulder beetle (rolling), a white ugly thing and a vampire
mosquito.

Vanquished Creatures
  Azrael (D:12)
  A hydra (D:13)
  2 rakshasas
  Erolcha (D:13)
  3 centaur warriors (D:13)
  4 two-headed ogres
  Sonja (D:11)
  A thrashing horror (Abyss:1)
  A large abomination (Abyss:1)
  A deep elf pyromancer (D:13)
  A wolf spider (D:12)
  3 manticores
  3 ugly things
  A gargoyle (D:10)
  A storm dragon simulacrum (Abyss:1)
  2 unseen horrors
  A komodo dragon (D:13)
  A tengu conjurer (D:13)
  A silent spectre (Abyss:1)
  Grinder (D:4)
  4 trolls
  4 raiju (Abyss:1)
  A water elemental (D:11)
  4 shadows
  3 small abominations (Abyss:1)
  3 wraiths
  15 yaks
  4 fire elementals (D:12)
  A steam dragon (D:8)
  4 vampire mosquitoes (D:12)
  Edmund (D:5)
  3 acid dragons
  4 water moccasins
  A black bear (shapeshifter) (D:13)
  A sky beast (D:5)
  2 orc warriors
  A necrophage (D:7)
  3 black bears
  2 ogres
  6 centaurs
  A kobold brigand (D:9)
  A bullfrog (D:5)
  2 scorpions
  A water moccasin zombie (D:7)
  A troll zombie (D:12)
  5 killer bees (D:9)
  6 electric eels (D:11)
  A howler monkey (D:8)
  3 centaur zombies (D:10)
  4 jellies (D:8)
  2 hounds (D:4)
  2 orc priests
  Crazy Yiuf (D:2)
  3 bullfrog skeletons
  A gnoll shaman (D:8)
  3 centaur skeletons
  Jessica (D:2)
  An iguana (D:5)
  Ijyb (D:5)
  An iron imp (Abyss:1)
  13 orc wizards
  7 ogre zombies (D:12)
  2 hound skeletons (D:4)
  7 gnolls (D:8)
  A howler monkey skeleton (D:5)
  7 adders
  A shadow imp (D:6)
  A white imp (D:6)
  3 ufetubi
  3 worms
  25 orcs
  7 ball pythons
  5 bats
  8 endoplasms
  3 giant cockroaches
  4 goblins
  6 hobgoblins
  2 jackals (D:2)
  3 quokkas
  3 frilled lizards
  2 goblin skeletons (D:12)
  3 goblin zombies (D:12)
  2 hobgoblin skeletons (D:12)
  4 hobgoblin zombies (D:12)
  10 kobolds
  2 orc skeletons (D:12)
  11 orc zombies (D:12)
  26 rats
310 creatures vanquished.

Vanquished Creatures (others)
  3 plants (D:5)
3 creatures vanquished.

Grand Total: 313 creatures vanquished

Notes
Turn   | Place    | Note
-------+----------+-------------------------------------------
     0 | D:1      | Cykl0x the Minotaur Fighter began the quest for the Orb.
     0 | D:1      | Reached XP level 1. HP: 19/19 MP: 0/0
    51 | D:1      | Found a faded altar of an unknown god.
   352 | D:1      | Reached XP level 2. HP: 27/27 MP: 1/1
   443 | D:1      | Got the Tome of the Nocuous Frostbite
   944 | D:2      | Reached XP level 3. HP: 33/33 MP: 2/2
   983 | D:2      | Found a runed translucent door.
   984 | D:2      | Noticed Crazy Yiuf
  1039 | D:2      | Killed Crazy Yiuf
  1328 | D:2      | Reached skill level 3 in Long Blades
  1331 | D:2      | Noticed Jessica
  1339 | D:2      | Killed Jessica
  1340 | D:2      | Reached XP level 4. HP: 31/41 MP: 3/3
  1931 | D:3      | Noticed a black bear
  1940 | D:3      | Killed a black bear
  1941 | D:3      | Reached skill level 1 in Throwing
  1941 | D:3      | Reached skill level 5 in Armour
  1941 | D:3      | Reached skill level 1 in Dodging
  1941 | D:3      | Reached XP level 5. HP: 35/47 MP: 4/4
  2163 | D:3      | Found a sparkling altar of Nemelex Xobeh.
  2168 | D:3      | Found a shimmering blue altar of Sif Muna.
  2675 | D:4      | Reached skill level 4 in Long Blades
  2728 | D:4      | Found a staircase to the Ecumenical Temple.
  2737 | Temple   | Entered the Ecumenical Temple
  2823 | Temple   | Became a worshipper of the Shining One
  2920 | D:4      | Reached XP level 6. HP: 51/53 MP: 5/5
  3125 | D:4      | Identified a scroll of acquirement
  3126 | D:4      | Acquired the +0 cloak "Janoryi" {Int+9 Dex+2}
  3227 | D:4      | Noticed Grinder
  3233 | D:4      | Paralysed by Grinder for 6 turns
  3251 | D:4      | Killed Grinder
  3252 | D:4      | Reached skill level 5 in Fighting
  3252 | D:4      | Reached skill level 5 in Shields
  3252 | D:4      | Reached skill level 1 in Invocations
  3403 | D:4      | Reached XP level 7. HP: 61/61 MP: 7/7
  3441 | D:4      | Found Ilih's Antique Armour Shop.
  3473 | D:4      | Found a radiant altar of Vehumet.
  3717 | D:5      | Entered Level 5 of the Dungeon
  3717 | D:5      | Noticed Edmund
  3728 | D:5      | Killed Edmund
  3729 | D:5      | Reached skill level 5 in Long Blades
  3988 | D:5      | Identified the ring "Ciluk" {rN+ Will+ Dex+3}
  4010 | D:5      | Noticed Ijyb
  4023 | D:5      | Killed Ijyb
  4346 | D:5      | Reached skill level 6 in Long Blades
  4346 | D:5      | Reached XP level 8. HP: 69/69 MP: 7/9
  4884 | D:5      | Reached * piety under the Shining One
  5398 | D:5      | Reached skill level 7 in Long Blades
  5935 | D:6      | Found Xaskarum's Armour Emporium.
  6544 | D:7      | Reached skill level 8 in Long Blades
  6544 | D:7      | Reached XP level 9. HP: 75/75 MP: 11/11
  6831 | D:7      | Found an iron altar of Okawaru.
  6832 | D:7      | Found a snail-covered altar of Cheibriados.
  6833 | D:7      | Found a basalt altar of Yredelemnul.
  6838 | D:7      | Identified the ring "Horuecs" {Fly rPois rF+ Int-5 SInv}
  7014 | D:8      | Noticed a two-headed ogre
  7023 | D:8      | Killed a two-headed ogre
  7024 | D:8      | Reached skill level 9 in Long Blades
  7024 | D:8      | Reached skill level 5 in Invocations
  7155 | D:8      | Found a viscous altar of Jiyva.
  7754 | D:9      | Noticed a two-headed ogre
  7763 | D:9      | Killed a two-headed ogre
  7764 | D:9      | Reached XP level 10. HP: 30/86 MP: 13/13
  8033 | D:9      | Reached ** piety under the Shining One
  8318 | D:9      | Got the Incunabulum of Beguiling
  8353 | D:9      | Reached skill level 10 in Long Blades
  8610 | D:10     | Entered Level 10 of the Dungeon
  8610 | D:10     | Noticed a two-headed ogre
  8622 | D:10     | Killed a two-headed ogre
  8800 | D:10     | Noticed a gargoyle
  8810 | D:10     | Killed a gargoyle
  8811 | D:10     | Reached skill level 5 in Throwing
  9016 | D:10     | You are sucked into a shaft and drop 1 floor!
  9028 | D:11     | Reached XP level 11. HP: 81/93 MP: 15/15
  9141 | D:11     | Noticed a cyan ugly thing
  9153 | D:11     | Killed a cyan ugly thing
  9271 | D:11     | Reached skill level 11 in Long Blades
  9306 | D:11     | Identified the +7 plate armour of Kleptomania {Stlth+}
  9429 | D:11     | Noticed Sonja
  9442 | D:11     | Found a portal to a secret trove of treasure.
  9463 | D:11     | Cast into level 1 of the Abyss (Sonja)
  9495 | Abyss:1  | Noticed a large abomination
  9503 | Abyss:1  | Killed a large abomination
  9591 | Abyss:1  | Noticed a rakshasa
  9629 | Abyss:1  | Reached *** piety under the Shining One
  9635 | Abyss:1  | Killed a rakshasa
  9656 | Abyss:1  | HP: 2/94 [storm dragon simulacrum (39)]
  9657 | Abyss:1  | The Shining One protects you from harm!
  9669 | Abyss:1  | Noticed a thrashing horror
  9692 | Abyss:1  | Killed a thrashing horror
  9695 | D:11     | Escaped the Abyss
  9910 | D:11     | Reached skill level 10 in Shields
  9960 | D:11     | Killed Sonja
 10041 | D:11     | Reached skill level 12 in Long Blades
 10044 | D:11     | Reached skill level 1 in Evocations
 10490 | D:12     | Reached XP level 12. HP: 103/103 MP: 17/17
 10653 | D:12     | Noticed Azrael
 10689 | D:12     | Killed Azrael
 10690 | D:12     | Reached skill level 5 in Dodging
 10797 | D:12     | Found a staircase to the Orcish Mines.
 10797 | D:12     | Reached **** piety under the Shining One
 10812 | D:12     | Reached skill level 10 in Armour
 10814 | D:12     | Reached ***** piety under the Shining One
 11216 | D:13     | Noticed a five-headed hydra
 11229 | D:13     | Killed a one-headed hydra
 11272 | D:13     | Noticed Erolcha
 11280 | D:13     | Killed Erolcha
 11281 | D:13     | Reached skill level 13 in Long Blades
 11332 | D:13     | Noticed a centaur warrior
 11342 | D:13     | Killed a centaur warrior
 11482 | D:13     | Noticed a centaur warrior
 11498 | D:13     | Killed a centaur warrior
 11538 | D:13     | Noticed a rakshasa
 11555 | D:13     | Killed a rakshasa
 11572 | D:13     | Noticed a centaur warrior
 11582 | D:13     | Killed a centaur warrior
 11672 | D:13     | Noticed a two-headed ogre
 11678 | D:13     | Killed a two-headed ogre
 11702 | D:13     | Noticed a boulder beetle
 11713 | D:13     | HP: 2/106 [white ugly thing (30)]
 11713 | D:13     | Mangled by a boulder beetle

Illustrated notes

Levels and vault maps discovered:
D:1:      dpeg_arrival_round_b, layout_basic, basic_ecumenical_altar
D:2:      layout_rooms, minivault_4, uniq_crazy_yiuf_cottage, uniq_jessica
D:3:      layout_loops_ring, grunt_temple_overflow_open
D:4:      layout_basic, vehumet_statue, minmay_temple_entry_mini_moons,
          serial_shops, shop, chequers_big_river, minmay_distorted, uniq_grinder
D:5:      layout_loops_corners, serial_bayou, serial_bayou_crossing,
          serial_bayou_pond_e, serial_bayou_ford_a, serial_bayou_pond_e,
          minmay_fountain_box, minmay_misc_feat_hallway, dk_rats_in_the_wall,
          uniq_ijyb, uniq_edmund
D:6:      layout_basic, serial_shops, nicolae_shop_trees,
          kennysheep_generic_room_9
D:7:      layout_rooms, minitemple
D:8:      layout_loops_ring, jiyva_altar_1
D:9:      layout_gridville, chequers_serial_rivers_small_3,
          hangedman_decor_slide_cut
D:10:     layout_long_grid, dpeg_oklobed_lair, serial_shops, nicolae_shop_stone,
          grunt_ministairs_10, uniq_nergalle, uniq_maurice
D:11:     layout_basic, enter_trove_6, hangedman_abyss_or_decor_stabs,
          uniq_sonja
D:12:     layout_long_grid, zombieorc2_lemuel, minivault_26, uniq_azrael
D:13:     kennysheep_spiral_hall, layout_rooms, uniq_erolcha
Temple:   eino_temple_scatter_basement

Skill      XL: |  1  2  3  4  5  6  7  8  9 10 11 12 |
---------------+-------------------------------------+-----
Armour         | 4 5 6 7 8 9 10 | 10.3
Fighting       | 4 5 6 7 8 9 |  9.7
Shields        | 4 5 6 8 10 11 | 11.4
Long Blades    | 3 4 6 8 9 10 12 13 | 13.6
Throwing       | 1 2 4 5 6 |  6.0
Dodging        | 1 2 3 4 5 |  5.0
Invocations    | 1 2 4 5 6 8 9 |  9.4
Evocations     | 1 |  1.6

Action                   |  1- 3 |  4- 6 |  7- 9 | 10-12 || total
-------------------------+-------+-------+-------+-------++-------
Melee: Long sword        |    61 |    85 |   199 |   383 ||   728
       Headbutt          |    10 |    23 |    56 |   132 ||   221
       Scimitar          |       |       |       |   143 ||   143
Throw: Stone             |    15 |    13 |    11 |       ||    39
       Javelin           |       |     8 |    30 |    36 ||    74
       Dart              |       |       |    16 |    18 ||    34
       Boomerang         |       |       |       |    11 ||    11
Invok: Divine Shield     |       |       |       |     6 ||     6
Evoke: Wand              |       |       |     2 |     9 ||    11
  Use: Scroll            |     5 |     4 |    10 |     3 ||    22
       Potion            |     1 |       |     1 |     6 ||     8
Armor: Scale mail        |    37 |    42 |    61 |    63 ||   203
       Plate armour      |       |       |       |   202 ||   202
Dodge: Dodged            |    25 |    35 |    95 |   147 ||   302
Block: Kite shield       |    29 |    44 |   117 |   444 ||   634
       Rpst.: Long sword |     7 |     8 |    21 |    27 ||    63
       Scimitar          |       |       |       |     4 ||     4
